Map: King's Cove LE

Players

puCK (Nina) - Winner!

  • Race: Protoss Protoss
  • League: Grandmaster
  • Spawn Location: 5:00

Astrea

  • Race: Protoss Protoss
  • League: Grandmaster
  • Spawn Location: 11:00

Event: 2019 WCS Winter Americas

VOD

Have the link to the VOD?

Description

Time

  • Played on: March 24, 2019, 12:51 p.m.
  • Length: 16:36

All games in this series

Show
View Real Time Build Order
Export as new Build Order

puCK Protoss - Winner!

Build Orders: Phoenix Opening, Colossus Rush 

Get SALT Encoding   

  12  0:00  Probe  
  13  0:12  Probe  
  14  0:18  Pylon  
  14  0:24  Probe  
  15  0:35  Probe  
  15  0:37  Gateway  
  16  0:43  Probe  
  16  0:47  Assimilator  
  17  0:53  Probe  
  17  0:56  Assimilator  
  18  1:05  Probe  
  18  1:09  Gateway  
  19  1:17  Probe  
  20  1:25  Cybernetics Core, Probe  
  21  1:33  Probe  
  21  1:37  Pylon  
  22  1:44  Probe  
  23  1:53  Warp Gate  
  23  1:56  Probe  
  24  2:01  Stalker, Sentry  
  28  2:13  Pylon  
  28  2:26  Robotics Facility  
  28  2:35  Stalker, Phoenix  
  30  2:39  Stalker  
  32  2:47  Gateway  
  32  2:58  Probe  
  32  3:05  Stalker  
  35  3:09  Stalker, Warp Prism  
  39  3:28  Pylon  
  39  3:35  Shield Battery  
  39  3:51  Stalker x2  
  43  3:58  Stalker  
  45  4:07  Pylon  
  43  4:20  Stalker  
  44  4:25  Stalker  
  44  4:31  Stalker  
  48  4:43  Probe  
  49  4:47  Phoenix  
  49  4:55  Probe  
  50  5:05  Robotics Bay  
  50  5:08  Stalker  
  50  5:09  Probe  
  54  5:21  Probe  
  54  5:22  Pylon  
  54  5:42  Nexus  
  54  5:47  Sentry  
  56  5:55  Colossus, Pylon  
  56  6:08  Phoenix  
  56  6:11  Probe  
  63  6:23  Probe  
  63  6:25  Sentry  
  66  6:27  Shield Battery  
  66  6:35  Probe  
  66  6:37  Pylon  
  67  6:47  Probe  
  68  6:56  Sentry x2  
  68  6:57  Probe  
  68  6:59  Probe  
  74  7:03  Stalker  
  76  7:09  Probe  
  76  7:11  Gateway  
  74  7:19  Stalker  
  73  7:23  Stalker  
  73  7:25  Probe  
  73  7:26  Probe  
  76  7:43  Adept x2  
  80  7:52  Probe  
  77  8:02  Colossus  
  67  8:06  Probe  
  67  8:12  Probe  
  67  8:18  Probe  
  74  8:21  Probe  
  75  8:28  Stalker  
  75  8:29  Probe  
  75  8:30  Probe  
  75  8:34  Stalker  
  75  8:36  Phoenix  
  73  8:41  Probe x2  
  74  8:49  Probe  
  74  8:53  Probe  
  74  8:55  Extended Thermal Lance  
  76  8:57  Probe  
  77  9:06  Probe, Pylon  
  77  9:09  Probe  
  79  9:13  Assimilator x2  
  79  9:18  Twilight Council  
  79  9:19  Probe  
  79  9:21  Probe  
  81  9:32  Probe  
  81  9:33  Blink  
  82  9:49  Probe  
  82  9:51  Pylon  
  83  9:54  Stalker  
  85  10:04  Pylon  
  81  10:11  Stalker x2  
  81  10:12  Stalker  
  81  10:13  Colossus  
  83  10:19  Probe  
  82  10:24  Gateway  
  88  10:35  Pylon  
  88  10:39  Adept  
  88  10:40  Adept  
  92  10:43  Stalker  
  92  10:44  Stalker  
  92  10:48  Probe  
  95  11:01  Stalker x2  
  98  11:09  Stalker  
  98  11:11  Observer  
  100  11:15  Stalker  
  102  11:18  Pylon  
  102  11:24  Stalker  
  104  11:29  Warp Prism  
  104  11:32  Stalker  
  108  12:00  Stalker x3  
  114  12:06  Observer  
  115  12:11  Stalker  
  117  12:16  Pylon x2  
  112  12:38  Stalker x4  
  89  13:43  Pylon  
  88  14:01  Assimilator  
  69  16:04  Pylon  
  65  16:25  Assimilator  
Show
View Real Time Build Order
Export as new Build Order

Astrea Protoss 

Build Orders: Oracle Opening 

Get SALT Encoding   

  12  0:00  Probe  
  13  0:12  Probe  
  14  0:18  Pylon  
  14  0:24  Probe  
  15  0:32  Probe  
  15  0:37  Gateway  
  15  0:40  Probe  
  16  0:46  Assimilator  
  17  0:50  Probe  
  17  0:55  Assimilator  
  18  0:58  Probe  
  19  1:06  Probe  
  20  1:13  Gateway  
  20  1:17  Probe  
  21  1:26  Cybernetics Core  
  21  1:29  Probe  
  22  1:38  Pylon  
  22  1:41  Probe  
  23  1:52  Warp Gate  
  23  1:56  Probe  
  24  2:02  Stalker x2  
  24  2:08  Probe  
  29  2:10  Pylon  
  29  2:20  Probe  
  30  2:29  Stargate  
  30  2:38  Adept x2  
  34  2:44  Probe  
  35  2:56  Probe  
  36  3:02  Oracle  
  39  3:19  Nexus  
  39  3:24  Pylon  
  39  3:42  Probe  
  39  3:45  Robotics Facility  
  40  3:55  Pylon  
  40  3:56  Stalker x2  
  40  4:01  Shield Battery  
  44  4:08  Pylon  
  42  4:24  Stalker  
  42  4:25  Stalker  
  42  4:27  Immortal  
  48  4:52  Stalker, Sentry  
  51  5:00  Warp Prism  
  53  5:08  Pylon  
  53  5:13  Probe  
  54  5:26  Stalker x2  
  58  5:36  Observer  
  59  5:50  Stalker x2  
  63  6:16  Pylon  
  63  6:18  Pylon  
  63  6:23  Nexus  
  63  6:25  Pylon  
  63  6:26  Immortal  
  63  6:34  Phoenix, Probe  
  70  6:48  Probe  
  70  6:52  Adept x2  
  75  7:00  Probe  
  75  7:01  Phoenix  
  78  7:12  Probe  
  79  7:21  Observer  
  79  7:24  Probe  
  79  7:27  Phoenix  
  82  7:31  Stalker  
  82  7:36  Probe  
  85  7:43  Phoenix  
  83  7:47  Adept  
  71  8:10  Stalker x2  
  70  8:13  Probe x2  
  67  8:25  Probe  
  64  8:36  Probe  
  65  8:44  Probe  
  65  8:48  Adept x2  
  66  8:49  Phoenix, Probe  
  66  8:55  Probe  
  69  9:00  Probe  
  70  9:03  Probe  
  72  9:10  Probe  
  72  9:12  Immortal  
  72  9:15  Assimilator  
  77  9:18  Pylon  
  77  9:22  Probe x2  
  79  9:32  Assimilator  
  79  9:42  Immortal  
  79  10:11  Immortal  
  79  10:17  Phoenix  
  79  10:18  Observer  
  85  10:32  Zealot x2  
  85  10:33  Probe, Forge  
  85  10:34  Twilight Council  
  90  10:37  Phoenix  
  90  10:43  Probe, Pylon  
  90  10:46  Protoss Ground Weapons Level 1  
  93  10:55  Immortal  
  97  11:03  Phoenix  
  99  11:14  Zealot x2  
  103  11:22  Pylon  
  103  11:34  Fleet Beacon  
  103  11:44  Stargate  
  95  12:03  Zealot x2  
  95  12:07  Tempest  
  104  12:24  Zealot x2  
  100  13:00  Zealot x2  
  68  13:31  Nexus  
Tags
 
Add a new tag
Caveats
  • Supply blocks, unpowered buildings, or Contaminate may cause inaccurate times.
  • Supply counts are checked every 10 seconds.